 Dungeon Crawl Stone Soup version 0.16-a0-139-gc9fe9b1 (webtiles) character file.

143 Ratboiler the Poker (level 5, -3/41 HPs)
             Began as a Merfolk Gladiator on Aug 14, 2014.
             Slain by Menkaure (12 damage)
             ... on Level 4 of the Dungeon.
             The game lasted 00:05:43 (3107 turns).

Ratboiler the Poker (Merfolk Gladiator)             Turns: 3107, Time: 00:05:44

HP  -3/41        AC  5     Str 15      XL: 5   Next: 25%
MP   5/5         EV 14     Int  8      God:
Gold 228         SH  0     Dex 15      Spells:  0 memorised,  4 levels left

rFire  . . .     SeeInvis .     a - +0 trident
rCold  . . .     Clarity  .     b - +0 leather armour
rNeg   . . .     rCorr    .     (no shield)
rPois  .         rRot     .     c - +0 helmet
rElec  .         Spirit   .     q - +0 cloak
SustAb .         Warding  .     (no gloves)
rMut   .         Stasis   .     (no boots)
Gourm  .                        (no amulet)
MR     .....                    (no ring)
                                (no ring)

@: not resistant to hostile enchantments, very unstealthy
A: change form in water, swift swim
a: no special abilities


You were on level 4 of the Dungeon.
You were not hungry.

You visited 1 branch of the dungeon, and saw 4 of its levels.

You collected 228 gold pieces.

Inventory:

Hand weapons
 a - a +0 trident (weapon)
Missiles
 d - 3 throwing nets (quivered)
 j - 17 poisoned needles
 r - 14 sling bullets
Armour
 b - a +0 leather armour (worn)
 c - a +0 helmet (worn)
 q - a +0 cloak (worn)
Comestibles
 f - a bread ration
 l - 4 fruits
 m - a royal jelly
 B - a meat ration
Scrolls
 e - a scroll of fear {unknown}
 i - a scroll of noise {unknown}
 n - 2 scrolls of teleportation {unknown}
 p - 8 scrolls of identify {unknown}
 s - a scroll of magic mapping {unknown}
 u - 2 scrolls of remove curse {unknown}
 v - a scroll of recharging {unknown}
 y - a scroll of fog {unknown}
 C - a scroll of enchant weapon {unknown}
Potions
 g - 2 potions of might {unknown}
 h - 2 potions of confusion {unknown}
 k - 2 potions of curing {unknown}
 o - a potion of mutation {unknown}
 t - a potion of invisibility {unknown}
 w - a potion of cure mutation {unknown}
 x - a potion of degeneration {unknown}


   Skills:
 + Level 3.5 Fighting
 * Level 6.5 Polearms
 - Level 2.0 Throwing
 + Level 5.2 Dodging


You had 4 spell levels left.
You didn't know any spells.

Dungeon Overview and Level Annotations

Branches:
Dungeon (4/15)
 Temple: D:4-7

Altars:
Ashenzari

Annotations:
D:4 Menkaure


Message History

Pain shoots through your body!
You start resting.
You hit Menkaure.
Menkaure is moderately damaged.
You hit Menkaure but do no damage.
Menkaure is moderately damaged.
Menkaure closely misses you.
You hit Menkaure.
Menkaure is moderately damaged.
Menkaure misses you.
You hit Menkaure.
Menkaure is moderately damaged.
Menkaure hits you!!
* * * LOW HITPOINT WARNING * * *
You puncture Menkaure!
Menkaure is severely damaged.
You hit Menkaure but do no damage.
Menkaure is severely damaged.
Menkaure hits you!
You die...

... # ... #.# #.# #.#.
#########.# #....#
#.......#.###.#.#.##
##.#####.#.##.##.#..##
#..###...............#
#.#.....M...##.##.#...#
M#.....@#.#####.#.#.#.#
#...#####.# #.........#
##. #.# #.###....###
#?.#####.# #. #.......
#.....##.### # #..#....
#.#...M..##.# #..#####
#...#..#....###(.#
#.#....(.........#
#....##%#.######.#


You could see Menkaure.

Vanquished Creatures
  6 adders
  A worm (D:2)
  5 giant geckos
  An orc (D:3)
  2 ball pythons
  4 bats
  11 goblins
  9 hobgoblins
  12 kobolds
  3 quokkas
  8 giant cockroaches
  5 giant newts
  2 jackals (D:1)
  7 rats
76 creatures vanquished.

Notes
Turn   | Place    | Note
--------------------------------------------------------------
     0 | D:1      | Ratboiler, the Merfolk Gladiator, began the quest for the Orb.
     0 | D:1      | Reached XP level 1. HP: 16/16 MP: 1/1
   211 | D:1      | Reached XP level 2. HP: 20/23 MP: 2/2
   748 | D:1      | Reached skill level 5 in Polearms
   864 | D:2      | Reached XP level 3. HP: 28/28 MP: 3/3
  1234 | D:2      | Reached XP level 4. HP: 22/35 MP: 4/4
  1674 | D:2      | Reached skill level 5 in Dodging
  1944 | D:2      | Reached skill level 6 in Polearms
  2452 | D:3      | Reached XP level 5. HP: 41/41 MP: 5/5
  2545 | D:3      | Found a shattered altar of Ashenzari.
  3040 | D:4      | Noticed Menkaure
  3107 | D:4      | Slain by Menkaure

Action                   |  1- 3 |  4- 6 || total
-------------------------+-------+-------++-------
Melee: Trident           |   125 |   113 ||   238
 Stab: Sleeping          |       |     2 ||     2
  Eat: Chunk             |     1 |     6 ||     7
